 Dungeon Crawl Stone Soup version 0.31-a0-1611-g890cdf5628 (webtiles) character file.

Game seed: 13159269833070845772

656 jlumianski the Ruffian (level 7, -8/53 HPs)
             Began as a Gnoll Shapeshifter on Jan 9, 2024.
             Mangled by an ogre
             ... wielding a +0 giant club
              (30 damage)
             ... on level 5 of the Dungeon.
             The game lasted 00:13:03 (3396 turns).

jlumianski the Ruffian (Gnoll Shapeshifter)         Turns: 3396, Time: 00:13:04

Health: -8/53      AC:  8    Str: 15    XL:     7   Next: 55%
Magic:  10/11      EV:  8    Int: 10    God:
Gold:   329        SH:  0    Dex: 11    Spells: 11/11 levels left

rFire   . .          .
                       - Unarmed
rCold   . . .        (no shield)
rNeg    . . .        l - +0 chain mail
rPois   .            (helmet currently unavailable)
rElec   .            (cloak currently unavailable)
rCorr   .            (gloves currently unavailable)
SInv    .            (boots currently unavailable)
Will    .....        (no amulet) Stlth
                     (no ring)
HPRegen 0.28/turn    (no ring)
MPRegen 0.12/turn

%: no passive effects
@: lethally poisoned (-8 -> -10), beast-form
A: beast (slay +4), fangs 1, strong nose, distributed training
a: Begin Untransformation


You were on level 5 of the Dungeon.
You were a hulking beast.
You visited 1 branch of the dungeon, and saw 5 of its levels.

You collected 329 gold pieces.

Inventory:

Missiles
 x - a throwing net
 A - 8 javelins (quivered)
Armour
 a - a +0 animal skin
 e - a +0 cloak
 f - a +0 pair of boots
 g - a +0 leather armour
 l - a +0 chain mail (worn)
Talismans
 c - a beast talisman
 d - a flux talisman
Wands
 y - a wand of charming (6)
 B - a wand of mindburst (11)
Scrolls
 h - a scroll of brand weapon
 j - a scroll of amnesia
 k - 2 scrolls of revelation
 n - 2 scrolls of blinking
 o - a scroll of fog
 r - a scroll of enchant armour {unknown}
 s - a scroll of noise
 v - 2 scrolls of fear {unknown}
Potions
 b - 4 potions of lignification
 i - 2 potions of might
 m - a potion of haste {unknown}
 p - a potion of heal wounds {unknown}
 q - 3 potions of mutation
 t - a potion of berserk rage {unknown}
 u - a potion of magic
 w - 3 potions of curing
 z - 2 potions of invisibility {unknown}


   Skills:
 + Level 3.7 Fighting
 + Level 2.6 Short Blades
 + Level 2.6 Long Blades
 + Level 2.6 Axes
 + Level 2.6 Maces & Flails
 + Level 2.6 Polearms
 + Level 2.6 Staves
 + Level 2.6 Ranged Weapons
 + Level 2.6 Throwing
 + Level 2.6 Armour
 + Level 5.3 Dodging
 + Level 2.6 Stealth
 + Level 2.6 Shields
 + Level 7.1 Unarmed Combat
 + Level 2.6 Spellcasting
 + Level 2.1 Conjurations
 + Level 2.1 Hexes
 + Level 2.1 Summonings
 + Level 2.1 Necromancy
 + Level 2.1 Translocations
 + Level 2.1 Fire Magic
 + Level 2.1 Ice Magic
 + Level 2.1 Air Magic
 + Level 2.1 Earth Magic
 + Level 2.1 Alchemy
 + Level 3.0 Invocations
 + Level 2.6 Evocations
 + Level 7.0 Shapeshifting


You had 11 spell levels left.
You didn't know any spells.
Your spell library contained the following spells:

 Spells                   Type           Power      Damage    Failure   Level
 Apportation              Tloc           10%        N/A       86%         1
 Necrotise                Necr           20%        1d5       86%         1
 Sting                    Conj/Alch      20%        1d4       86%         1
 Summon Small Mammal      Summ           20%        N/A       86%         1
 Ignite Poison            Fire/Alch      5%         N/A       100%        4
 Sticky Flame             Fire/Alch      5%         2d4       100%        4
 Malign Gateway           Summ/Tloc      2%         N/A       100%        7
 Ignition                 Fire           2%         3d3       100%        8
 Summon Horrible Things   Summ           2%         N/A       100%        8


Dungeon Overview and Level Annotations

Branches:
Dungeon (5/15)
 Temple: D:4-7

Altars:
Dithmenos


Innate Abilities, Weirdness & Mutations

You are a hulking beast.
Your limbs bulge with bestial killing power. (Slay +4)
You have very sharp teeth.
Your uncanny sense of smell can sniff out nearby items.
Your experience applies equally to all skills.


Message History

You now have 329 gold pieces (gained 14).
Done exploring.
What level of the Dungeon? (default 4, ? - help)
There is a fountain of sparkling water here.
Things that are here:
a +0 dagger; a +0 robe
There is a stone staircase leading down here.
You climb downwards.
There is a stone staircase leading up here.
A scorpion comes into view.
An ogre comes into view. It is wielding a +0 giant club.
The ogre shouts!
The scorpion stings you.
The scorpion stings you but does no damage.
You punch the scorpion!
The scorpion is moderately wounded.
The scorpion stings you.
You are poisoned.
The scorpion poisons you!
You closely miss the scorpion.
The scorpion is moderately wounded.
You feel very sick.
The scorpion stings you but does no damage.
You barely miss the scorpion.
The scorpion is moderately wounded.
You feel sick. The scorpion closely misses you.
You feel sick. The scorpion attacks as it pursues you!
The scorpion stings you but does no damage.
You punch the scorpion!
The scorpion is almost dead.
You feel sick. The scorpion barely misses you.
You hit the scorpion.
You kill the scorpion!
You feel sick.
The ogre hits you with a +0 giant club!!
Your Invocations skill increases to level 3!
You feel sick.
The ogre hits you with a +0 giant club!!
Ouch! That really hurt!
You die...

....# #.###
.#.....##...##
.#.###.####..## ∆
##.# #####..#####
...###.#..........#
##<....##.####.##.#
########†#.....#.#
#.#.##..#.######
#<# #...h.......
### #...O...#.##
#...###....# ###..
.... #.## ... #.#
.. ..# . ### ∆


You could see an ogre.

Vanquished Creatures
  A black bear (D:4)
  An ice beast (D:3)
  An ogre (D:4)
  A scorpion (D:5)
  A hound (D:3)
  A jelly (D:2)
  An iguana (D:5)
  3 orc wizards
  Terence (D:2)
  5 adders
  5 gnolls
  2 dart slugs
  A ribbon worm (D:2)
  3 orcs
  7 endoplasms
  2 giant cockroaches (D:3)
  10 goblins
  4 hobgoblins
  2 jackals (D:4)
  A quokka (D:2)
  6 ball pythons
  3 bats
  2 frilled lizards
  6 kobolds
  5 rats
75 creatures vanquished.

Notes
Turn   | Place    | Note
-------+----------+-------------------------------------------
     0 | D:1      | jlumianski the Gnoll Shapeshifter began the quest for the
                  | Orb.
     0 | D:1      | Reached XP level 1. HP: 17/17 MP: 1/1
   133 | D:2      | Found a faded altar of an unknown god.
   139 | D:2      | Reached XP level 2. HP: 23/23 MP: 2/2
   265 | D:2      | Reached XP level 3. HP: 28/28 MP: 3/3
   463 | D:3      | Found a shadowy altar of Dithmenos.
   526 | D:3      | Reached skill level 1 in Short Blades
   526 | D:3      | Reached skill level 1 in Long Blades
   526 | D:3      | Reached skill level 1 in Axes
   526 | D:3      | Reached skill level 1 in Maces & Flails
   526 | D:3      | Reached skill level 1 in Polearms
   526 | D:3      | Reached skill level 1 in Staves
   526 | D:3      | Reached skill level 1 in Ranged Weapons
   526 | D:3      | Reached skill level 1 in Throwing
   526 | D:3      | Reached skill level 1 in Armour
   526 | D:3      | Reached skill level 1 in Stealth
   526 | D:3      | Reached skill level 1 in Shields
   526 | D:3      | Reached skill level 1 in Spellcasting
   526 | D:3      | Reached skill level 1 in Invocations
   526 | D:3      | Reached skill level 1 in Evocations
   526 | D:3      | Reached XP level 4. HP: 33/34 MP: 5/5
   656 | D:2      | Noticed Terence
   674 | D:2      | Killed Terence
   675 | D:2      | Reached skill level 1 in Conjurations
   675 | D:2      | Reached skill level 1 in Hexes
   675 | D:2      | Reached skill level 1 in Summonings
   675 | D:2      | Reached skill level 1 in Necromancy
   675 | D:2      | Reached skill level 1 in Translocations
   675 | D:2      | Reached skill level 1 in Fire Magic
   675 | D:2      | Reached skill level 1 in Ice Magic
   675 | D:2      | Reached skill level 1 in Air Magic
   675 | D:2      | Reached skill level 1 in Earth Magic
   675 | D:2      | Reached skill level 1 in Alchemy
  1398 | D:2      | Reached XP level 5. HP: 41/41 MP: 5/7
  1790 | D:4      | Noticed an ice beast
  1806 | D:3      | Killed an ice beast
  1807 | D:3      | Reached XP level 6. HP: 40/47 MP: 8/8
  2139 | D:3      | Reached skill level 5 in Dodging
  2625 | D:5      | Entered Level 5 of the Dungeon
  2903 | D:4      | Noticed a black bear
  2908 | D:4      | Killed a black bear
  2909 | D:4      | Reached XP level 7. HP: 52/52 MP: 10/10
  3396 | D:5      | Mangled by an ogre

Illustrated notes

Levels and vault maps discovered:
D:1:      dpeg_arrival_tiny_a, layout_loops_cross
D:2:      layout_loops_ring, shapermc_ecumenical_altar_gd,
          minmay_misc_feat_diagonals, uniq_terence
D:3:      layout_loops_cross, amcnicky_altar_gilded
D:4:      layout_gridville, grunt_decor_mini_mirrors,
          minmay_misc_feat_secret_circle
D:5:      minmay_octagon_keep, layout_basic, hangedman_abyss_or_decor_stabs

Skill      XL: |  1  2  3  4  5  6  7 |
---------------+----------------------+-----
Short Blades   | 1 2 |  2.6
Long Blades    | 1 2 |  2.6
Axes           | 1 2 |  2.6
Maces & Flails | 1 2 |  2.6
Polearms       | 1 2 |  2.6
Staves         | 1 2 |  2.6
Ranged Weapons | 1 2 |  2.6
Throwing       | 1 2 |  2.6
Armour         | 1 2 |  2.6
Stealth        | 1 2 |  2.6
Shields        | 1 2 |  2.6
Spellcasting   | 1 2 |  2.6
Invocations    | 1 2 3 |  3.0
Evocations     | 1 2 |  2.6
Conjurations   | 1 2 |  2.1
Hexes          | 1 2 |  2.1
Summonings     | 1 2 |  2.1
Necromancy     | 1 2 |  2.1
Translocations | 1 2 |  2.1
Fire Magic     | 1 2 |  2.1
Ice Magic      | 1 2 |  2.1
Air Magic      | 1 2 |  2.1
Earth Magic    | 1 2 |  2.1
Alchemy        | 1 2 |  2.1
Fighting       | 3 |  3.7
Dodging        | 5 |  5.3
Unarmed Combat | 7 |  7.1
Shapeshifting  | 7 |  7.0

Action                     |  1- 3 |  4- 6 |  7- 9 || total
---------------------------+-------+-------+-------++-------
  Melee: Unarmed           |    27 |   113 |    23 ||   163
         Bite              |     1 |     9 |     1 ||    11
         Punch             |       |     2 |       ||     2
  Throw: Javelin           |       |     5 |       ||     5
    Use: Scroll            |     1 |     7 |       ||     8
         Potion            |       |     1 |     2 ||     3
 Armour: Animal skin       |     2 |       |       ||     2
         Leather armour    |    10 |       |       ||    10
         Chain mail        |     6 |    89 |    18 ||   113
  Dodge: Dodged            |    14 |    43 |     5 ||    62

Table legend: (Time is in decaauts)
 A = Elapsed time spent in this place.
 B = Non-inter-level travel time spent in this place.
 C = Inter-level travel time spent in this place.
 D = Time resting spent in this place.
 E = Time spent auto-exploring this place.
 F = Levels seen in this place.
 G = Mean time per level.
                   A        B        C        D        E       F      G
               +--------+--------+--------+--------+--------+-----+--------+
         Total |   3381 |   3280 |    101 |    279 |   1775 |   5 |  676.2 |
       Dungeon |   3381 |   3280 |    101 |    279 |   1775 |   5 |  676.2 |
               +--------+--------+--------+--------+--------+-----+--------+

Top non-repeatable levels by time:
     D:3: 964 daAuts
     D:2: 934 daAuts
     D:4: 780 daAuts
     D:1: 609 daAuts
     D:5: 92 daAuts
